 Dungeon Crawl Stone Soup version 0.30-b1-2-g02819fbbbe (webtiles) character file.

Game seed: 17208646271919662472

1612103 emiel the Impregnable (level 24, 239/239 HPs)
             Began as an Armataur Fighter on Jan 2, 2024.
             Was the Champion of Ru.
             Escaped with the Orb
             ... and 3 runes!
             The game lasted 01:29:15 (70613 turns).

emiel the Impregnable (Armataur Fighter)           Turns: 70613, Time: 01:29:16

Health: 239/239    AC: 44    Str: 29    XL:     24   Next: 18%
Magic:  23/23      EV: 12    Int:  6    God:    Ru [******]
Gold:   7348       SH: 25    Dex: 18    Spells: 23/23 levels left

rFire   + . .        k - +9 demon whip (heavy)
rCold   + + +        Q - +1 tower shield {rC+ rF+}
rNeg    + + +        D - +9 plate armour of the Other Side {Rampage Str+2}
rPois   +            (helmet restricted)
rElec   +            N - +2 cloak of Wedieck {rC+ Will++ rCorr Dex-3}
rCorr   +            B - +0 pair of gloves of Ydghoid {*Corrode Slay+4}
SInv    .            u - +1 barding of Diromuef {rPois rC+++ Str-2}
Will    +++++        q - amulet of the acrobat Stlth
                     Z - ring of Etaen {Fly rN+++ Will++ Stlth-}
HPRegen 0.59/turn    b - ring of Butchery {rElec rN+ Str-2 Dex+6}
MPRegen 0.18/turn

%: corrode self (3%), acrobat, roll
@: flying, studying 3 skills
A: large, rugged brown scales 3, deformed body, inability to read after injury
2, inability to use devices, hated by all, inexperienced 1, armoured tail, roll,
long tongue, awkward tongue, antennae 1, stinger 1, dopey 1, screaming 1,
inhibited regeneration, strong 1, teleportitis 1, subdued magic 1
0: Orb of Zot
}: 3/15 runes: serpentine, barnacled, silver
a: Renounce Religion, Draw Out Power, Power Leap, Apocalypse


You escaped.
You worshipped Ru.
Ru was exalted by your worship.
You visited 10 branches of the dungeon, and saw 48 of its levels.
You also visited: Trove, Sewer, Gauntlet, Ice Cave and Wizlab.

You collected 12121 gold pieces.
You spent 4773 gold pieces at shops.

Inventory:

Hand Weapons
 k - a +9 heavy demon whip (weapon)
Missiles
 h - 61 poisoned darts (quivered)
 y - 18 throwing nets
 R - 12 curare-tipped darts
 T - a silver javelin
 X - 8 javelins
Armour
 d - +7 fire dragon scales
 u - the +1 barding of Diromuef (worn) {rPois rC+++ Str-2}
   (You acquired it on level 2 of the Dungeon)

   Str:       It affects your strength (-2).
   rC:        It renders you almost immune to cold.
   rPois:     It protects you from poison.
 B - the +0 pair of gloves of Ydghoid (worn) {*Corrode Slay+4}
   (You found it on level 5 of the Dungeon)

   Slay:      It affects your accuracy & damage with ranged weapons and melee
   (+4).
   *Corrode:  It may corrode you when you take damage.
 C - +2 gold dragon scales
 D - the +9 plate armour of the Other Side (worn) {Rampage Str+2}
   (You found it on level 1 of the Lair of Beasts)

   Str:       It affects your strength (+2).
   Rampage:   It bestows one free step when moving towards enemies.
 L - the +2 pair of gloves "Kistra Gune" {rElec rPois Will- Int+8}
   (You acquired it on level 4 of the Snake Pit)

   Int:       It affects your intelligence (+8).
   rElec:     It insulates you from electricity.
   rPois:     It protects you from poison.
   Will:      It decreases your willpower.
 N - the +2 cloak of Wedieck (worn) {rC+ Will++ rCorr Dex-3}
   (You found it in a treasure trove)

   Dex:       It affects your dexterity (-3).
   rC:        It protects you from cold.
   rCorr:     It protects you from acid and corrosion.
   Will:      It greatly increases your willpower.
 Q - a +1 tower shield of resistance (worn)
 V - the +1 helmet of Woeqew {+Inv rN+}
   (You bought it in a shop on level 15 of the Dungeon)

   rN:        It protects you from negative energy.
   +Inv:      It lets you turn invisible.
 Y - the scarf of the Griffon {repulsion, Will+++}
   (You found it in a treasure trove)

   Will:      It greatly increases your willpower.
Jewellery
 b - the ring of Butchery (right hand) {rElec rN+ Str-2 Dex+6}
   (You found it on level 3 of the Elven Halls)

   [ring of dexterity]

   Str:       It affects your strength (-2).
   Dex:       It affects your dexterity (+6).
   rElec:     It insulates you from electricity.
   rN:        It protects you from negative energy.
 q - an amulet of the acrobat (around neck)
 I - the ring of Xom's Best Wishes {Will+ Dex+6}
   (You found it in a treasure trove)

   [ring of willpower]

   Dex:       It affects your dexterity (+6).
   Will:      It increases your willpower.
 J - a ring of see invisible
 M - a +5 ring of evasion
 Z - the ring of Etaen (left hand) {Fly rN+++ Will++ Stlth-}
   (You found it in a treasure trove)

   [ring of flight]

   rN:        It renders you almost immune to negative energy.
   Fly:       It grants you flight.
   Will:      It greatly increases your willpower.
   Stlth:     It makes you less stealthy.
Scrolls
 a - 2 scrolls of brand weapon
 e - 10 scrolls of vulnerability
 g - 19 scrolls of teleportation
 j - 5 scrolls of fog
 n - 4 scrolls of magic mapping
 p - 8 scrolls of poison
 r - 7 scrolls of immolation
 s - 3 scrolls of noise
 z - 6 scrolls of blinking
 E - 6 scrolls of fear
 G - 11 scrolls of amnesia
 K - 40 scrolls of identify
 O - a scroll of summoning
 P - 10 scrolls of silence
 W - a scroll of enchant weapon
Potions
 c - 3 potions of berserk rage
 f - 4 potions of invisibility
 i - 3 potions of resistance
 l - 10 potions of haste
 m - 4 potions of might
 o - 8 potions of ambrosia
 t - 6 potions of brilliance
 v - 10 potions of curing
 w - 3 potions of mutation
 x - 16 potions of heal wounds
 A - 7 potions of attraction
 F - 8 potions of lignification
 H - 15 potions of flight
 S - a potion of magic
 U - 5 potions of cancellation


   Skills:
 + Level 20.0 Fighting
 - Level 13.5 Maces & Flails
 + Level 17.8 Throwing
 + Level 26.1 Armour
 + Level 15.2 Dodging
 + Level 22.6 Shields


You had 23 spell levels left.
You didn't know any spells.
Your spell library contained the following spells:

 Spells                   Type           Power      Damage    Failure   Level
 Apportation              Tloc           0%         N/A       87%         1
 Beastly Appendage        Tmut           0%         N/A       87%         1
 Foxfire                  Conj/Fire      0%         2x1d4     87%         1
 Magic Dart               Conj           0%         1d3       87%         1
 Sandblast                Erth           0%         2d4       87%         1
 Slow                     Hex            0%         N/A       87%         1
 Sting                    Tmut/Pois      0%         1d3       87%         1
 Blink                    Tloc           0%         N/A       95%         2
 Cigotuvi's Dreadful Rot  Necr/Pois/Air  0%         N/A       95%         2
 Ensorcelled Hibernation  Hex/Ice        0%         N/A       95%         2
 Passwall                 Tmut/Erth      0%         N/A       95%         2
 Poisonous Vapours        Pois/Air       0%         N/A       95%         2
 Scorch                   Fire           0%         2d5       95%         2
 Searing Ray              Conj           0%         2d4       95%         2
 Static Discharge         Conj/Air       0%         2-2/arc   95%         2
 Sublimation of Blood     Necr           0%         N/A       95%         2
 Wereblood                Tmut           0%         N/A       95%         2
 Confusing Touch          Hex            0%         N/A       99%         3
 Frozen Ramparts          Ice            0%         1d1       99%         3
 Gell's Gravitas          Tloc           0%         N/A       99%         3
 Hailstorm                Conj/Ice       0%         3d3       99%         3
 Ignite Poison            Fire/Tmut/Pois 0%         N/A       99%         3
 Inner Flame              Hex/Fire       0%         N/A       99%         3
 Mephitic Cloud           Conj/Pois/Air  0%         N/A       99%         3
 Ozocubu's Armour         Ice            0%         N/A       99%         3
 Portal Projectile        Hex/Tloc       0%         N/A       99%         3
 Spider Form              Tmut/Pois      0%         N/A       99%         3
 Stone Arrow              Conj/Erth      0%         3d7       99%         3
 Teleport Other           Tloc           0%         N/A       99%         3
 Vampiric Draining        Necr           0%         2d6       99%         3
 Vhi's Electric Charge    Tloc/Air       0%         N/A       99%         3
 Volatile Blastmotes      Fire/Tloc      0%         2d10      99%         3
 Airstrike                Air            0%         2d(0-16)  100%        4
 Anguish                  Hex/Necr       0%         N/A       100%        4
 Cause Fear               Hex            0%         N/A       100%        4
 Flame Wave               Conj/Fire      0%         2d4       100%        4
 Fulminant Prism          Conj/Hex       0%         3d5       100%        4
 Ice Form                 Ice/Tmut       0%         N/A       100%        4
 Iskenderun's Mystic Bla  Conj/Tloc      0%         2d3       100%        4
 Leda's Liquefaction      Hex/Erth       0%         N/A       100%        4
 Manifold Assault         Tloc           0%         N/A       100%        4
 Olgreb's Toxic Radiance  Pois           0%         N/A       100%        4
 Petrify                  Tmut/Erth      0%         N/A       100%        4
 Sticky Flame             Conj/Fire      0%         2d3       100%        4
 Alistair's Intoxication  Tmut/Pois      0%         N/A       100%        5
 Arcjolt                  Conj/Air       0%         1d10      100%        5
 Blade Hands              Tmut           0%         N/A       100%        5
 Fireball                 Conj/Fire      0%         3d3       100%        5
 Freezing Cloud           Conj/Ice/Air   0%         6-21      100%        5
 Irradiate                Conj/Tmut      0%         3d11      100%        5
 Iskenderun's Battlesphe  Conj           0%         2d6       100%        5
 Lee's Rapid Deconstruct  Erth           0%         3d4*      100%        5
 Yara's Violent Unravell  Hex/Tmut       0%         3d3       100%        5
 Dispersal                Tloc           0%         N/A       100%        6
 Iron Shot                Conj/Erth      0%         9d1       100%        6
 Plasma Beam              Fire/Air       0%         2x1d11    100%        6
 Starburst                Conj/Fire      0%         6d3       100%        6
 Dragon Form              Tmut           0%         N/A       100%        7
 Enfeeble                 Hex            0%         N/A       100%        7
 Ozocubu's Refrigeration  Ice            0%         4d7       100%        7
 Borgnjor's Revivificati  Necr           0%         N/A       100%        8
 Discord                  Hex            0%         N/A       100%        8
 Disjunction              Tloc           0%         N/A       100%        8
 Ignition                 Fire           0%         3d3       100%        8
 Lehudib's Crystal Spear  Conj/Erth      0%         10d2      100%        8
 Chain Lightning          Conj/Air       0%         N/A       100%        9
 Fire Storm               Conj/Fire      0%         5d1       100%        9
 Shatter                  Erth           0%         3d5*      100%        9
 Summon Guardian Golem    Hex/Summ       Unusable   N/A       N/A         3
 Tukima's Dance           Hex            Unusable   N/A       N/A         3
 Animate Armour           Summ/Erth      Unusable   N/A       N/A         4
 Summon Ice Beast         Ice/Summ       Unusable   N/A       N/A         4
 Summon Lightning Spire   Summ/Air       Unusable   N/A       N/A         4
 Simulacrum               Ice/Necr       Unusable   N/A       N/A         6
 Monstrous Menagerie      Summ           Unusable   N/A       N/A         7
 Spellforged Servitor     Conj/Summ      Unusable   N/A       N/A         7
 Dragon's Call            Summ           Unusable   N/A       N/A         9

Dungeon Overview and Level Annotations

Branches:
Dungeon (15/15)            Temple (1/1) D:7            Lair (5/5) D:8
 Shoals (4/4) Lair:2        Snake (4/4) Lair:2        Slime (0/5) Lair:5
    Orc (2/2) D:10            Elf (3/3) Orc:2        Vaults (5/5) D:13
  Crypt (0/3) Vaults:2     Depths (4/4) D:15            Zot (5/5) Depths:4
  Sewer (visited)           IceCv (visited)          WizLab (visited)
Gauntlet (visited)

Altars:
Ashenzari
Cheibriados
Dithmenos
Elyvilon
Gozag
Kikubaaqudgha
Makhleb
Nemelex Xobeh
Okawaru
Qazlal
Ru
Sif Muna
Uskayaw
Vehumet
Wu Jian
Xom
Zin
The Shining One

Shops:
D:15 [   Orc:2 :*[(   Elf:3 (   Shoals:4 *   Snake:1 *   Vaults:1 *
Vaults:4 !   Zot:5 *   Depths:3 (?   Depths:4 (

Portals:
Hell: Depths:1 Depths:2 Depths:3 Depths:4
Abyss: D:12 Depths:3
Pandemonium: Depths:2
Ziggurat: Depths:2

Annotations:
D:10 1 runed translucent door, Sadicadict's ghost, journeyman MiFi
D:12 2 transporters, Alulasso's ghost, journeyman DrTm
Snake:2 exclusions: black mamba, naga sharpshooter and 11 more exclusions
Snake:3 Roxanne
Elf:2 5 runed translucent doors
Depths:1 1 runed translucent door
Zot:2 3 runed translucent doors, Muataran's ghost, veteran MiMo


Innate Abilities, Weirdness & Mutations

You are completely covered in rugged brown scales. (AC +3, +7% HP)
Armour fits poorly on your strangely shaped body.
You sometimes lose the ability to read scrolls when taking damage.
You cannot study or use magical devices.
You are hated by all.
You are somewhat inexperienced. (-1 XL)
You have a long armoured tail.
You roll when moving toward enemies. (Rampage)
Your long tongue fully drains potion bottles. (2x potion effects)
Your tongue gives you trouble enunciating. (1.5x scroll delay)
You have a pair of small antennae on your head.
Your tail ends in a venomous barb.
You are dopey. (Int -2)
You occasionally shout uncontrollably at your foes.
You do not regenerate when monsters are visible.
Your muscles are strong. (Str +4, Int/Dex -1)
You are occasionally teleported next to monsters.
Your spells are a little easier to cast, but a little less powerful.


Message History

The sun demon dies!
A bolt of lightning appears from out of thin air!
The bolt of lightning hits Teyduo.
Teyduo resists.
There is a stone staircase leading up, spattered with blood here.
Unknown command.
The great orb of eyes looks more healthy.
Teyduo begins to attack, but is stunned by your conviction!
You fly upwards.
There is a stone staircase leading down here.
(D) Dungeon (T) Temple (L) Lair (A) Shoals (P) Snake Pit (M) Slime Pits (O) Orcish Mines (E) Elven Halls (V) Vaults (C) Crypt (U) Depths (H) Hell (Z) Zot
Where to? (Enter - D:1, ? - help)
There is a stone staircase leading up here.
You fly upwards.
There is a stone staircase leading down here.
HP restored. 2 hell hogs come into view.
You roll towards the hell hog!
A hell hog comes into view.
The hell hog squeals angrily. x2
You can't go up here!
Unknown command.
There is a stone staircase leading up here.
The hell hog begins to attack, but is stunned by your conviction!
You fly upwards.
There is a stone staircase leading down here.
(D) Dungeon (T) Temple (L) Lair (A) Shoals (P) Snake Pit (M) Slime Pits (O) Orcish Mines (E) Elven Halls (V) Vaults (C) Crypt (U) Depths (H) Hell (Z) Zot
Where to? (Enter - D:1, ? - help)
What level of the Dungeon? (default 1, ? - help)
You see here 3 stones.
There is a stone staircase leading up here.
You fly upwards.
There is a stone staircase leading down here.
There is a staircase leading out of the dungeon here.
You have escaped!

..........>##..................#
.#................[............#
.#..#...........#.....÷........#
......#.#.#....#.#....#.#......#
......#....#..##.##..#..†......#
...........#..#...#..#.....#####
........#..#..#...#..#..#..#
.........###.........###...#
......#.......#.@.#......#.##
.....†#.......#...#.........#
......#........###..........#
......##........#..........##
......####.................#
##..#####...##.....##......#
...........###.....###.#####
##.####....##.#...#.##.#
#...##.....###...###..#


There were no monsters in sight!

Vanquished Creatures
  3 dread liches
  2 ancient liches
  Mennas (Vaults:4)
  5 orbs of fire
  2 juggernauts (Depths:3)
  Sojobo (Vaults:4)
  Boris (Depths:4)
  Bai Suzhen (Shoals:4)
  3 Killer Klowns
  Saint Roka (Vaults:4)
  Vashnia (Snake:4)
  4 curse toes
  6 caustic shrikes
  10 golden dragons
  Nikola (Elf:1)
  A bone dragon (Depths:4)
  A Brimstone Fiend (Depths:3)
  A Tzitzimitl (Depths:4)
  Zenata (Elf:1)
  21 tentacled monstrosities
  21 Orb Guardians
  Jorgrun (Snake:1)
  5 liches
  An Ice Fiend (Depths:3)
  2 walking earthen tomes (Depths:3)
  2 deep elf master archers (Elf:3)
  Asterion (Depths:2)
  A deep elf blademaster (Elf:3)
  4 quicksilver dragons
  7 death cobs
  Frances (D:13)
  A kraken (Shoals:3)
  7 shadow dragons
  6 tengu reavers
  Kirke (Shoals:4)
  8 storm dragons
  4 sphinxes
  A revenant (Vaults:2)
  6 draconian monks
  5 nagarajas
  6 frost giants
  An iron dragon (shapeshifter) (Depths:3)
  12 fire giants
  4 draconian knights
  4 draconian scorchers
  5 iron dragons
  6 deep elf sorcerers
  Aizul (Snake:1)
  23 vault wardens
  A ghost moth (Zot:5)
  3 draconian shifters (Zot:4)
  4 war gargoyles
  4 spriggan defenders
  3 deep elf elementalists (Elf:3)
  3 draconian annihilators
  A juggernaut skeleton (D:15)
  3 orc warlords
  A reaper (Depths:1)
  26 ironbound preservers
  20 very ugly things
  6 stone giants
  6 draconian stormcallers
  8 ironbound thunderhulks
  Azrael (D:14)
  12 green draconians
  Nessos (D:14)
  3 demonspawn black suns (Zot:2)
  A caustic shrike skeleton (D:15)
  7 deep elf demonologists (Elf:3)
  2 vampire knights
  11 dire elephants
  8 black draconians
  7 red draconians
  5 yellow draconians
  2 deep elf annihilators
  6 purple draconians
  10 white draconians
  A blizzard demon (Depths:1)
  Snorg (D:12)
  2 minotaurs
  2 eidola
  7 fire dragons
  4 merfolk javelineers
  7 merfolk impalers
  12 ettins
  7 deep elf death magi
  3 entropy weavers
  Josephine (Shoals:1)
  6 deep elf high priests
  6 great orbs of eyes
  12 yaktaur captains
  A jiangshi (Depths:4)
  5 hydras
  30 vault guards
  3 ogre magi
  9 ice dragons
  2 salamander tyrants (Snake:4)
  7 centaur warriors
  3 spriggan air magi (Depths:3)
  Harold (Lair:1)
  A rakshasa (D:13)
  A peacekeeper (Vaults:3)
  5 merfolk aquamancers
  8 ironbound frosthearts
  4 merfolk avatars
  3 alligator snapping turtles (Shoals:4)
  6 anacondas
  A catoblepas (Lair:2)
  2 hell beasts (Depths:1)
  3 boulder beetles
  6 two-headed ogres
  2 satyrs
  16 dancing weapons
  6 deep troll shamans
  18 naga warriors
  6 death yaks
  12 deep troll earth magi
  9 vampire magi
  5 tengu warriors
  3 orc high priests
  Urug (D:11)
  17 naga sharpshooters
  7 shock serpents
  9 deep elf knights
  A spriggan berserker (Depths:4)
  A titan skeleton (Depths:1)
  A shadow wraith (Vaults:3)
  Amaemon (D:11)
  A fire crab (shapeshifter) (Elf:1)
  13 iron trolls
  4 skysharks
  4 salamander mystics
  A skeletal warrior (D:15)
  Lodul (D:14)
  19 sea snakes
  A storm dragon skeleton (Depths:1)
  54 deep trolls
  5 naga ritualists
  3 glowing orange brains
  16 deep elf archers
  8 wizards
  15 ironbound convokers
  A phantasmal warrior (Vaults:4)
  19 deep elf zephyrmancers
  32 harpies
  6 lindwurms
  19 deep elf pyromancers
  4 orc knights
  8 mana vipers
  10 necromancers
  A tengu skeleton (Depths:1)
  6 orc sorcerers
  15 manticores
  31 ugly things
  8 fauns
  11 cyclopes
  10 salamanders
  A fire giant zombie (Depths:1)
  3 fire giant skeletons (Depths:1)
  10 elephants
  A guardian serpent (Snake:1)
  17 vault sentinels
  19 naga magi
  22 moths of wrath
  38 black mambas
  A torpor snail (shapeshifter) (Depths:4)
  5 merfolk sirens
  5 water nymphs
  A black mamba (shapeshifter) (D:15)
  A gargoyle (D:11)
  An orange demon (D:11)
  A minotaur zombie (Gauntlet)
  10 cane toads
  An unseen horror (D:12)
  3 kobold demonologists
  A hellion (Depths:3)
  2 freezing wraiths
  2 ice devils (Orc:2)
  A rime drake (Lair:5)
  An efreet (D:13)
  12 komodo dragons
  3 tengu conjurers
  46 yaktaurs
  6 trolls
  A polar bear (Lair:5)
  3 meliai (Shoals:2)
  A tarantella (Vaults:4)
  Prince Ribbit (D:5)
  43 merfolk
  A troll (shapeshifter) (Elf:3)
  6 wind drakes
  13 blink frogs
  5 hornets
  25 dream sheep
  8 snapping turtles
  13 slime creatures
  2 shadows
  Sigmund (D:5)
  4 air elementals
  A spriggan skeleton (D:15)
  A ynoxinul (D:15)
  A spriggan (Depths:4)
  14 water elementals
  A vampire (D:10)
  11 wyverns
  9 fire elementals
  A yak (shapeshifter) (D:15)
  9 wraiths
  38 yaks
  A fire bat (Gauntlet)
  7 basilisks
  3 redbacks
  5 hogs (Shoals:4)
  A human (Shoals:4)
  7 vampire mosquitoes
  A steam dragon (Lair:5)
  3 wargs
  3 acid dragons
  A glowing shapeshifter zombie (D:15)
  57 nagas
  Edmund (D:5)
  2 harpy simulacra
  4 hell hounds (D:14)
  15 water moccasins
  A swamp drake (D:10)
  36 orc warriors
  A sky beast (D:5)
  8 black bears
  23 ogres
  20 wolves
  2 boggarts (Elf:3)
  5 centaurs
  2 phantoms
  9 kobold brigands
  2 gnoll sergeants
  11 bullfrogs
  3 earth elementals
  2 necrophages (D:4)
  A water moccasin zombie (D:4)
  3 scorpions
  4 wights
  5 killer bees
  An elephant simulacrum (IceCv)
  2 howler monkeys (D:11)
  3 electric eels
  A centaur zombie (D:4)
  A bullfrog zombie (D:4)
  26 orc priests
  A human zombie (D:4)
  4 hounds
  2 jellies
  2 sleepcaps
  4 iguanas
  Ijyb (D:5)
  31 orc wizards
  2 scorpion zombies (D:4)
  A polar bear simulacrum (IceCv)
  A wolf simulacrum (IceCv)
  2 mummies (D:4)
  12 gnolls
  5 adders
  5 river rats (Sewer)
  A shadow imp (D:7)
  A white imp (D:6)
  An adder zombie (D:4)
  2 dart slugs (D:2)
  88 orcs
  6 endoplasms
  9 giant cockroaches
  3 goblins (D:3)
  5 hobgoblins
  6 jackals
  19 kobolds
  5 quokkas
  12 ball pythons
  7 bats
  7 frilled lizards
  8 rats
1955 creatures vanquished.

Vanquished Creatures (others)
  An Orb Guardian (Zot:5)
  A tentacled monstrosity (Vaults:5)
  A deep elf blademaster (Elf:3)
  2 titans
  A death cob (Zot:1)
  A tengu reaver (Vaults:4)
  A storm dragon (Vaults:5)
  A nagaraja (Snake:4)
  2 fire giants
  A draconian stormcaller (Zot:3)
  A spark wasp (Depths:3)
  An ettin (Vaults:5)
  A deep elf death mage (Vaults:5)
  A jiangshi (Depths:4)
  A vault guard (Vaults:2)
  An anaconda (Snake:4)
  A hydra (Lair:3)
  A vampire mage (D:15)
  A dancing weapon (Elf:2)
  A sun demon (D:5)
  A deep elf knight (Elf:1)
  A skeletal warrior (D:15)
  A deep troll (Depths:3)
  A wizard (D:14)
  A deep elf archer (Elf:3)
  2 manticores
  A torpor snail (Lair:4)
  An unseen horror (D:12)
  A yaktaur (Vaults:1)
  A merfolk (Shoals:3)
  A wind drake (Shoals:4)
  A snapping turtle (Shoals:1)
  A dream sheep (Shoals:3)
  A water elemental (Elf:2)
  A wraith (D:11)
  An orc warrior (Vaults:5)
  An earth elemental (Elf:1)
  An orc priest (Orc:2)
  An orc wizard (Orc:2)
  9 orcs
  A bush (D:14)
  55 fungi
  124 plants
  4 tentacles (Shoals:3)
  3 withered plants (D:15)
238 creatures vanquished.

Grand Total: 2193 creatures vanquished

Notes
Turn   | Place    | Note
-------+----------+-------------------------------------------
     0 | D:1      | emiel the Armataur Fighter began the quest for the Orb.
     0 | D:1      | Reached XP level 1. HP: 19/19 MP: 1/1
   131 | D:1      | Reached XP level 2. HP: 26/26 MP: 2/2
   561 | D:2      | You fall into a shaft and drop 2 floors!
   624 | D:3      | Found a radiant altar of Vehumet.
   904 | D:2      | Reached XP level 3. HP: 32/32 MP: 3/3
   922 | D:2      | Found a faded altar of an unknown god.
  1709 | D:2      | Identified a scroll of acquirement
  1709 | D:2      | Acquired the +1 barding of Diromuef {rPois rC+++ Str-2}
  1893 | D:3      | Reached XP level 4. HP: 32/39 MP: 1/4
  1972 | D:3      | Found an opulent altar of Gozag.
  1972 | D:3      | Found a sparkling altar of Nemelex Xobeh.
  2594 | D:4      | Noticed a necrophage
  2602 | D:4      | Killed a necrophage
  2603 | D:4      | Reached skill level 5 in Maces & Flails
  2603 | D:4      | Reached XP level 5. HP: 44/44 MP: 5/5
  2691 | D:4      | Reached XP level 6. HP: 48/53 MP: 4/6
  3087 | D:4      | Reached XP level 7. HP: 55/59 MP: 5/7
  3323 | D:4      | Found a basalt altar of Yredelemnul.
  3358 | D:5      | Entered Level 5 of the Dungeon
  3666 | D:5      | Noticed Sigmund
  3694 | D:5      | Killed Sigmund
  3768 | D:5      | Reached XP level 8. HP: 66/66 MP: 8/8
  4014 | D:5      | Found a broken altar of Ashenzari.
  4021 | D:5      | Identified the +0 pair of gloves of Ydghoid {*Corrode
                  | Slay+4}
  4230 | D:5      | Noticed Ijyb
  4230 | D:5      | Noticed Edmund
  4244 | D:5      | Killed Edmund
  4249 | D:5      | Killed Ijyb
  4653 | D:5      | Noticed Prince Ribbit
  4665 | D:5      | Killed Prince Ribbit
  4666 | D:5      | Reached skill level 10 in Maces & Flails
  5172 | D:6      | Reached skill level 4 in Armour
  5177 | D:6      | Reached skill level 1 in Evocations
  5275 | D:6      | Found a glowing drain.
  5281 | D:6      | Reached XP level 9. HP: 74/74 MP: 9/9
  5286 | Sewer    | Entered a sewer
  6042 | D:6      | Found a shimmering altar of Xom.
  6086 | D:6      | Reached skill level 5 in Armour
  6426 | D:7      | Found a staircase to the Ecumenical Temple.
  6439 | Temple   | Entered the Ecumenical Temple
  6543 | Temple   | Became a worshipper of Ru the Awakened
  6766 | D:7      | Reached skill level 5 in Shields
  7475 | D:8      | Reached skill level 6 in Armour
  7628 | D:8      | Found a staircase to the Lair.
  7753 | D:8      | Gained mutation: You are hated by all. [Ru sacrifice]
  7753 | D:8      | Reached * piety under Ru
  7753 | D:8      | Reached ** piety under Ru
  7802 | D:8      | Found a hide-covered altar of Uskayaw.
  7876 | D:8      | Reached skill level 5 in Fighting
  7879 | D:8      | Reached XP level 10. HP: 70/86 MP: 7/10
  7879 | D:8      | Found an iron altar of Okawaru.
  7999 | D:8      | Found a shimmering blue altar of Sif Muna.
  8152 | D:9      | Reached skill level 7 in Armour
  8223 | D:9      | Noticed a two-headed ogre
  8232 | D:9      | Killed a two-headed ogre
  8775 | D:10     | Entered Level 10 of the Dungeon
  9017 | D:10     | Reached skill level 8 in Armour
  9084 | D:10     | Found a runed translucent door.
  9085 | D:10     | Noticed Sadicadict's ghost (journeyman MiFi)
  9176 | D:10     | Found a staircase to the Orcish Mines.
  9425 | D:10     | Found a portal to a secret trove of treasure.
  9501 | D:10     | Found an ornate altar of the Wu Jian Council.
  9986 | D:11     | Noticed Urug
 10066 | D:11     | Noticed a manticore
 10075 | D:11     | Killed a manticore
 10104 | D:11     | Noticed a gargoyle
 10109 | D:11     | Killed Urug
 10110 | D:11     | Reached XP level 11. HP: 74/97 MP: 8/11
 10119 | D:11     | Reached skill level 9 in Armour
 10124 | D:11     | Found a gate leading to a gauntlet.
 10146 | D:11     | Noticed a sixfirhy
 10157 | Gauntlet | Entered a Gauntlet
 10157 | Gauntlet | Noticed a fire crab
 10157 | Gauntlet | Found a transporter.
 10157 | Gauntlet | Found a transporter.
 10297 | Gauntlet | Found a transporter.
 10297 | Gauntlet | Found a transporter.
 10300 | Gauntlet | Found a transporter.
 10300 | Gauntlet | Found a transporter.
 10303 | Gauntlet | Noticed a quicksilver ooze
 10310 | Gauntlet | Found a transporter.
 10312 | Gauntlet | Found a transporter.
 10314 | Gauntlet | Found a transporter.
 10330 | Gauntlet | Found a transporter.
 10330 | Gauntlet | Noticed a green death
 10331 | Gauntlet | Found a transporter.
 10348 | Gauntlet | Found a transporter.
 10352 | Gauntlet | Noticed a death yak
 10352 | Gauntlet | Noticed a death yak
 10353 | Gauntlet | Noticed a death yak
 10360 | Gauntlet | Noticed a necromancer
 10575 | Gauntlet | Gained mutation: You occasionally lose the ability to read
                  | scrolls when taking damage. [Ru sacrifice]
 10575 | Gauntlet | Gained mutation: You sometimes lose the ability to read
                  | scrolls when taking damage. [Ru sacrifice]
 10575 | Gauntlet | Reached *** piety under Ru
 10592 | Gauntlet | Killed a death yak
 10600 | Gauntlet | Killed a death yak
 10608 | Gauntlet | Killed a death yak
 10618 | Gauntlet | Killed a necromancer
 10628 | Gauntlet | Identified the +1 cloak "Lutoonn" {Harm rPois rC++ Int+3
                  | Dex-4}
 10934 | Gauntlet | Noticed a minotaur
 11094 | Gauntlet | HP: 2/93 [minotaur/+4 vampiric trident (11)]
 11097 | Gauntlet | Killed a minotaur
 11098 | Gauntlet | Reached skill level 5 in Evocations
 11412 | D:11     | Noticed a sun demon
 11414 | D:11     | Noticed a soul eater
 11431 | D:10     | Reached skill level 10 in Armour
 11662 | D:11     | Noticed Amaemon
 11672 | D:11     | Killed Amaemon
 12285 | D:12     | Reached skill level 10 in Shields
 12288 | D:12     | Reached XP level 12. HP: 110/110 MP: 12/12
 12296 | D:12     | Noticed a three-headed hydra
 12308 | D:12     | Killed a three-headed hydra
 12561 | D:12     | Noticed Alulasso's ghost (journeyman DrTm)
 12564 | D:12     | Found a transporter.
 12741 | D:12     | Found a transporter.
 12761 | D:12     | Found a one-way gate to the infinite horrors of the Abyss.
 12850 | D:12     | Noticed Snorg
 12860 | D:12     | Killed Snorg
 13277 | Lair:1   | Entered Level 1 of the Lair of Beasts
 13356 | Lair:1   | Found a glowing silver altar of Zin.
 13428 | Lair:1   | You fall into a shaft and drop 1 floor!
 13457 | Lair:2   | Gained mutation: You cannot study or use magical devices.
                  | [Ru sacrifice]
 13457 | Lair:2   | Reached **** piety under Ru
 13457 | Lair:2   | Reached ***** piety under Ru
 13584 | Lair:2   | Reached skill level 10 in Fighting
 13842 | Lair:2   | Noticed a catoblepas
 13859 | Lair:2   | Killed a catoblepas
 13930 | Lair:2   | Found a staircase to the Snake Pit.
 14083 | Lair:2   | Found a staircase to the Shoals.
 14463 | Lair:1   | Acquired 694 gold pieces
 14556 | Lair:1   | Noticed Harold
 14565 | Lair:1   | Killed Harold
 14569 | Lair:1   | Reached skill level 1 in Throwing
 14753 | Lair:1   | Identified the +9 plate armour of the Other Side {Rampage
                  | Str+2}
 15068 | Lair:2   | Reached skill level 1 in Dodging
 15667 | Lair:3   | Noticed a four-headed hydra
 15681 | Lair:3   | Killed a four-headed hydra
 15682 | Lair:3   | Reached XP level 13. HP: 101/120 MP: 13/13
 16142 | Lair:3   | Gained mutation: You are somewhat inexperienced. (-1 XL)
                  | [Ru sacrifice]
 16142 | Lair:3   | Reached XP level 12. HP: 95/114 MP: 12/12
 16142 | Lair:3   | Reached ****** piety under Ru
 16557 | Lair:3   | Identified the +4 scale mail of the Desert {Str+5 Dex+3}
 16953 | Lair:4   | Reached skill level 11 in Armour
 17696 | Lair:5   | Entered Level 5 of the Lair of Beasts
 18188 | Lair:5   | Noticed a dire elephant
 18228 | Lair:5   | Killed a dire elephant
 18413 | Lair:5   | Reached XP level 13. HP: 104/124 MP: 13/13
 18660 | Lair:5   | Reached skill level 5 in Throwing
 18710 | Lair:5   | Found a staircase to the Slime Pits.
 18873 | Lair:5   | Reached skill level 12 in Armour
 19493 | Orc:1    | Entered Level 1 of the Orcish Mines
 19493 | Orc:1    | You fall into a shaft and drop 1 floor!
 19493 | Orc:2    | Entered Level 2 of the Orcish Mines
 19493 | Orc:2    | Found a staircase to the Elven Halls.
 19979 | Orc:2    | Found a frozen archway.
 20004 | IceCv    | Entered an ice cave
 20133 | IceCv    | Found a transporter.
 20142 | IceCv    | Found a transporter.
 20320 | Orc:2    | Noticed an orc warlord
 20351 | Orc:1    | Killed an orc warlord
 20767 | Orc:2    | Reached skill level 5 in Dodging
 21096 | Orc:2    | Found Jes Lono's Antique Armour Boutique.
 21097 | Orc:2    | Found Ikysajur's Antique Weapon Boutique.
 21099 | Orc:2    | Found Jyeqen's General Store.
 21099 | Orc:2    | Found Ilyuc's Book Shop.
 21115 | Orc:2    | Bought a scroll of enchant armour for 90 gold pieces
 21115 | Orc:2    | Bought a scroll of enchant weapon for 90 gold pieces
 21567 | Orc:2    | Noticed an orc warlord
 21578 | Orc:2    | Killed an orc warlord
 22257 | D:13     | Noticed Frances
 22267 | D:13     | Killed Frances
 22308 | D:13     | Reached skill level 13 in Armour
 22879 | D:13     | Found a gate to the Vaults.
 23359 | D:14     | Reached XP level 14. HP: 130/134 MP: 14/14
 23402 | D:14     | Identified the +9 short sword of the Past {speed, rElec rF-
                  | rC+++ rCorr}
 23406 | D:14     | Noticed Nessos
 23424 | D:14     | Killed Nessos
 24170 | D:14     | Noticed Azrael
 24198 | D:14     | Killed Azrael
 24318 | D:14     | Found a shadowy altar of Dithmenos.
 24418 | D:14     | Noticed Lodul
 24606 | D:14     | Killed Lodul
 24767 | D:15     | Entered Level 15 of the Dungeon
 25899 | D:15     | Found a staircase to the Depths.
 25911 | D:15     | Reached skill level 14 in Armour
 26122 | D:15     | Found Zalutio's Antique Armour Shop.
 26328 | D:15     | Bought a twisted helmet for 313 gold pieces
 26328 | D:15     | Identified the +1 helmet of Woeqew {+Inv rN+} (You bought
                  | it in a shop on level 15 of the Dungeon)
 26737 | Shoals:1 | Entered Level 1 of the Shoals
 27092 | Shoals:1 | Noticed Josephine
 27123 | Shoals:1 | Killed Josephine
 28021 | Shoals:1 | Reached XP level 15. HP: 116/143 MP: 15/15
 28325 | Shoals:2 | Identified the +1 hand axe of the Brewing Gods {spect,
                  | rPois Int+3}
 28443 | Shoals:2 | Found a hide-covered altar of Uskayaw.
 28648 | Shoals:2 | Identified the +3 longbow of Vanity {freeze, rElec rC-
                  | Str+3}
 29017 | Shoals:2 | Found the +18 shield of the Gong {Loud rN+ Will+ rCorr
                  | EV-5}
 29228 | Shoals:2 | Reached skill level 15 in Armour
 29283 | Shoals:3 | Noticed a kraken
 29332 | Shoals:3 | Killed a kraken
 30284 | Shoals:4 | Entered Level 4 of the Shoals
 30389 | Shoals:4 | HP: 7/142 [alligator snapping turtle (22)]
 30709 | Shoals:4 | Identified the +3 dagger "Hell-Harrower" {pain, rElec
                  | Str+3}
 30744 | Shoals:4 | Noticed Bai Suzhen
 30745 | Shoals:4 | Reached skill level 15 in Shields
 30762 | Shoals:4 | Killed Bai Suzhen
 30763 | Shoals:4 | Reached XP level 16. HP: 61/155 MP: 16/16
 30846 | Shoals:4 | Got a barnacled rune of Zot
 31025 | Shoals:4 | Noticed Kirke
 31033 | Shoals:4 | Killed Kirke
 31305 | Shoals:4 | Reached skill level 10 in Throwing
 31367 | Shoals:4 | Found Dogipteo's Assorted Antiques.
 31375 | Shoals:4 | Bought a scroll of teleportation for 96 gold pieces
 31375 | Shoals:4 | Bought a scroll of teleportation for 96 gold pieces
 31375 | Shoals:4 | Bought a scroll of acquirement for 1664 gold pieces
 31375 | Shoals:4 | Bought a potion of haste for 320 gold pieces
 31375 | Shoals:4 | Acquired 882 gold pieces
 32002 | Snake:1  | Entered Level 1 of the Snake Pit
 32088 | Snake:1  | Reached skill level 16 in Armour
 32115 | Snake:1  | Noticed Aizul
 32131 | Snake:1  | Killed Aizul
 32243 | Snake:1  | Noticed Jorgrun
 32431 | Snake:1  | Killed Jorgrun
 32969 | Snake:1  | Identified the +3 leather armour of the Arcadian Slug
                  | {rElec}
 33030 | Snake:1  | Found Lozituth's General Store.
 33039 | Snake:1  | Bought a potion of curing for 45 gold pieces
 33039 | Snake:1  | Bought a potion of haste for 150 gold pieces
 34423 | D:10     | You paid a toll of +3 storm dragon scales to enter a
                  | treasure trove
 34424 | Trove    | Entered a treasure trove
 34432 | Trove    | Identified the scarf of the Griffon {repulsion, Will+++}
 34436 | Trove    | Identified the +0 barding of the Saviour {Int+3}
 34440 | Trove    | Identified the ring of Etaen {Fly rN+++ Will++ Stlth-}
 34444 | Trove    | Identified the +2 cloak of Wedieck {rC+ Will++ rCorr Dex-3}
 34461 | Trove    | Identified the ring of Xom's Best Wishes {Will+ Dex+6}
 35087 | Snake:2  | Identified the +3 hand crossbow "Koan" {speed, *Slow rCorr
                  | MP+9 SInv}
 35954 | Snake:3  | Noticed Roxanne
 36564 | Snake:4  | Entered Level 4 of the Snake Pit
 36567 | Snake:4  | Noticed Vashnia
 36687 | Snake:4  | Killed Vashnia
 37001 | Snake:4  | Found a sparkling altar of Nemelex Xobeh.
 37028 | Snake:4  | Acquired 731 gold pieces
 37050 | Snake:4  | Acquired 1043 gold pieces
 37052 | Snake:4  | Acquired the +2 pair of gloves "Kistra Gune" {rElec rPois
                  | Will- Int+8}
 37125 | Snake:4  | Reached XP level 17. HP: 131/164 MP: 17/17
 37300 | Snake:4  | Reached skill level 17 in Armour
 39065 | Snake:4  | Got a serpentine rune of Zot
 39140 | Snake:4  | Reached skill level 15 in Fighting
 39382 | Elf:1    | Entered Level 1 of the Elven Halls
 39425 | Elf:1    | Noticed Nikola
 39427 | Elf:1    | Noticed Zenata
 39438 | Elf:1    | Killed Nikola
 39446 | Elf:1    | Killed Zenata
 40157 | Elf:1    | Paralysed by an air elemental for 1 turns
 40348 | Elf:1    | Reached skill level 10 in Dodging
 40792 | Elf:2    | Found a magical portal.
 40797 | WizLab   | Entered Wucad Mu's Monastery
 41636 | Elf:2    | Found a huge runed translucent gate.
 41636 | Elf:2    | Found a huge runed translucent gate.
 41636 | Elf:2    | Found a huge runed translucent gate.
 41636 | Elf:2    | Found a huge runed translucent gate.
 41638 | Elf:2    | Found a huge runed translucent gate.
 41745 | Elf:3    | Entered Level 3 of the Elven Halls
 41767 | Elf:3    | Paralysed by an air elemental for 1 turns
 41769 | Elf:3    | Paralysed by an air elemental for 1 turns
 41819 | Elf:3    | Paralysed by an air elemental for 1 turns
 41820 | Elf:3    | Reached skill level 18 in Armour
 41820 | Elf:3    | Reached XP level 18. HP: 164/174 MP: 18/18
 42232 | Elf:3    | Found Oshrya's Weapon Emporium.
 42659 | Elf:3    | Identified the +4 halberd "Jovih" {spect, rElec rPois
                  | Str+5}
 42659 | Elf:3    | Identified the ring of Temptation {rC- MP-9 EV+5 Str+9}
 42822 | Elf:3    | Identified the ring of Butchery {rElec rN+ Str-2 Dex+6}
 42940 | Elf:3    | Got Sif Muna's Codex of Effluvium
 42980 | Elf:3    | Identified the +1 shortbow "Secret Weapon" {antimagic,
                  | Fragile Dex+4}
 42984 | Elf:3    | Identified the staff of death "Dacla" {rN+ Int+3}
 42991 | Elf:3    | Identified the +2 shortbow of Scorn {speed, rN+ Str+3}
 43007 | Elf:3    | Got the Enchiridion on the Faeries and the Missiles
 43489 | Elf:3    | Found Oshrya's Weapon Emporium.
 43993 | Vaults:1 | Entered Level 1 of the Vaults
 44552 | Vaults:1 | Found Fepi's Assorted Antiques.
 44643 | Vaults:1 | Bought a potion of heal wounds for 210 gold pieces
 44643 | Vaults:1 | Bought a scroll of enchant armour for 315 gold pieces
 44653 | Vaults:1 | You are sucked into a shaft and drop 1 floor!
 45919 | Vaults:1 | Reached skill level 19 in Armour
 46038 | Vaults:1 | Reached XP level 19. HP: 164/175 MP: 19/19
 47149 | Vaults:2 | Found a staircase to the Crypt.
 47531 | Vaults:3 | Identified the +8 short sword of Noon {spect, *Noise rElec
                  | rF+ Will++}
 48261 | Vaults:3 | Identified the staff of fire "Beyriax" {Fly rPois rF+ Int+3
                  | Dex-5}
 48298 | Vaults:3 | Noticed a dread lich
 48311 | Vaults:3 | Killed a dread lich
 48378 | Vaults:3 | Identified the +0 plate armour "Ydgho" {-Cast rN+ Regen+
                  | Dex+4}
 48477 | Vaults:3 | Identified the +7 battleaxe "Nekluic" {antimagic, Str+3}
 49428 | Vaults:4 | Found Aciem's Distillery.
 49436 | Vaults:4 | Bought 2 potions of resistance for 480 gold pieces
 49436 | Vaults:4 | Bought a potion of heal wounds for 120 gold pieces
 49436 | Vaults:4 | Bought a potion of heal wounds for 120 gold pieces
 49436 | Vaults:4 | Bought a potion of haste for 240 gold pieces
 49641 | Vaults:4 | Reached skill level 20 in Armour
 49756 | Vaults:4 | Reached XP level 20. HP: 195/195 MP: 20/20
 50201 | Vaults:4 | Identified the +8 arbalest of Okawaru's Esteem {penet,
                  | rCorr}
 50203 | Vaults:4 | Identified the +8 arbalest of Odem {flame, rCorr Str-4
                  | Dex+3 SInv}
 50895 | Vaults:5 | Entered Level 5 of the Vaults
 51213 | Depths:1 | Entered Level 1 of the Depths
 51453 | Depths:1 | Identified the +1 ring mail of Honour {Will++ rCorr}
 51581 | Depths:1 | Found a gateway to Hell.
 52278 | Depths:1 | Found a sacrificial altar of Ru.
 52418 | Depths:1 | Found a runed translucent door.
 52946 | Vaults:5 | Noticed Sojobo
 52991 | Vaults:5 | Noticed Mennas
 53358 | Depths:2 | Found a one-way gate leading to the halls of Pandemonium.
 53372 | Depths:2 | Noticed Asterion
 53386 | Depths:2 | Killed Asterion
 53659 | Depths:2 | Found a one-way gateway to a ziggurat.
 54247 | Depths:2 | Found an ancient bone altar of Kikubaaqudgha.
 54324 | Depths:2 | Reached skill level 21 in Armour
 54350 | Depths:2 | Found a shimmering blue altar of Sif Muna.
 54370 | Depths:2 | Noticed an ancient lich
 54373 | Depths:2 | Noticed a dread lich
 54381 | Depths:2 | Killed an ancient lich
 54382 | Depths:2 | Reached skill level 15 in Throwing
 54382 | Depths:2 | Reached XP level 21. HP: 195/202 MP: 21/21
 54399 | Depths:2 | Killed a dread lich
 54415 | Depths:2 | Got Sif Muna's Writings on the Plateau and Accomplices
 54426 | Depths:2 | Got Jupseogi's Precepts of Direction and Feathers
 54566 | Depths:2 | Got the Exposition on Command and Bewitchment
 55141 | Vaults:4 | Killed Mennas
 55280 | Vaults:5 | Noticed a golden dragon
 55398 | Vaults:5 | Noticed Saint Roka
 55416 | Vaults:4 | Killed a golden dragon
 55557 | Vaults:4 | Killed Sojobo
 56427 | Vaults:5 | Noticed a golden dragon
 56443 | Vaults:4 | Killed Saint Roka
 56617 | Vaults:5 | Killed a golden dragon
 57843 | Vaults:5 | Identified the +3 spear of Zebesurec {freeze, rPois rN+}
 57846 | Vaults:5 | Got a silver rune of Zot
 57984 | Vaults:5 | Identified the +8 lajatang "Newtbane" {venom, rElec rPois
                  | rC+}
 58207 | Vaults:5 | Identified the ring of Illan {rPois rN+ rCorr Dex+2 SInv}
 58743 | Depths:3 | Reached skill level 22 in Armour
 58977 | Depths:3 | Found Cas Emesm's Weapon Shoppe.
 58981 | Depths:3 | Found Nuateq's Magic Scroll Emporium.
 58987 | Depths:3 | Bought a scroll of enchant armour for 187 gold pieces
 58987 | Depths:3 | Bought a scroll of brand weapon for 237 gold pieces
 59018 | Depths:3 | Reached XP level 22. HP: 198/217 MP: 22/22
 59245 | Depths:3 | Noticed a juggernaut
 59262 | Depths:3 | Killed a juggernaut
 59298 | Depths:3 | Noticed a juggernaut
 59300 | Depths:3 | an iron giant changed into a caustic shrike
 59300 | Depths:3 | Noticed a caustic shrike (glowing shapeshifter)
 59303 | Depths:3 | a caustic shrike changed into an iron dragon
 59309 | Depths:3 | Killed a juggernaut
 59373 | Depths:3 | Noticed a caustic shrike
 59766 | Depths:3 | Killed a caustic shrike
 60284 | Depths:4 | Entered Level 4 of the Depths
 60288 | Depths:4 | Noticed Boris
 60336 | Depths:4 | Killed Boris
 60422 | Depths:4 | Found Beomal's Weapon Boutique.
 60519 | Depths:4 | Noticed a caustic shrike
 60531 | Depths:4 | Noticed a caustic shrike
 60541 | Depths:4 | Noticed a caustic shrike
 60541 | Depths:4 | Noticed a caustic shrike
 60544 | Depths:4 | Noticed a caustic shrike
 60551 | Depths:3 | Killed a caustic shrike
 60683 | Depths:4 | Killed a caustic shrike
 60686 | Depths:4 | Killed a caustic shrike
 60692 | Depths:4 | Killed a caustic shrike
 60707 | Depths:3 | Killed a caustic shrike
 61116 | Depths:4 | Reached skill level 23 in Armour
 61733 | Depths:4 | Found a gate to the Realm of Zot.
 62153 | Zot:1    | Entered Level 1 of the Realm of Zot
 62186 | Zot:1    | Noticed a curse toe
 62207 | Zot:1    | Killed a curse toe
 63264 | Zot:2    | Found a runed translucent gate.
 63265 | Zot:2    | Found a runed translucent gate.
 63266 | Zot:2    | Found an ancient bone altar of Kikubaaqudgha.
 63267 | Zot:2    | Found a runed translucent gate.
 63900 | Zot:2    | Noticed an orb of fire
 63914 | Zot:2    | Gained mutation: Your spells are a little easier to cast,
                  | but a little less powerful. [an orb of fire]
 63916 | Zot:2    | Killed an orb of fire
 63919 | Zot:2    | Reached XP level 23. HP: 141/212 MP: 15/23
 64064 | Zot:2    | Identified the +10 hand axe of Internal Strife {flame,
                  | Str+3}
 64065 | Zot:2    | Got Ykamiukk's Volume of The Black Sun
 64143 | Zot:2    | Reached skill level 24 in Armour
 64302 | Zot:2    | Noticed a dread lich
 64303 | Zot:2    | Noticed a dread lich
 64303 | Zot:2    | Noticed an ancient lich
 64303 | Zot:2    | Noticed an ancient lich
 64304 | Zot:2    | Noticed Muataran's ghost (veteran MiMo)
 64981 | Zot:3    | Noticed a Killer Klown
 65014 | Zot:2    | Killed a Killer Klown
 67666 | Zot:5    | Entered Level 5 of the Realm of Zot
 67712 | Zot:5    | Found Iboatz's CLEARANCE SALE!.
 67784 | Zot:5    | Reached skill level 25 in Armour
 68116 | Zot:5    | Noticed a Killer Klown
 68126 | Zot:5    | Killed a Killer Klown
 68235 | Zot:5    | Noticed a dread lich
 68240 | Zot:5    | Noticed an ancient lich
 68259 | Zot:5    | Killed an ancient lich
 68268 | Zot:5    | Killed a dread lich
 68476 | Zot:5    | Noticed an orb of fire
 68477 | Zot:5    | Gained mutation: You are weak. (Str -2) [an orb of fire]
 68483 | Zot:5    | Gained mutation: You are frail. (-10% HP) [an orb of fire]
 68488 | Zot:5    | Killed an orb of fire
 68615 | Zot:5    | Noticed an orb of fire
 68774 | Zot:5    | Gained mutation: You occasionally shout uncontrollably at
                  | your foes. [an orb of fire]
 68926 | Zot:4    | Gained mutation: You are very frail. (-20% HP) [an orb of
                  | fire]
 68934 | Zot:4    | Gained mutation: Your body sometimes deteriorates upon
                  | taking damage. [an orb of fire]
 68941 | Zot:4    | Gained mutation: Your magical capacity is low. (-10% MP)
                  | [an orb of fire]
 68942 | Zot:4    | Killed an orb of fire
 69010 | Zot:4    | Lost mutation: You occasionally shout uncontrollably at
                  | your foes. [potion of mutation]
 69010 | Zot:4    | Lost mutation: Your body sometimes deteriorates upon taking
                  | damage. [potion of mutation]
 69010 | Zot:4    | Lost mutation: You are weak. (Str -2) [potion of mutation]
 69010 | Zot:4    | Lost mutation: You are very frail. (-20% HP) [potion of
                  | mutation]
 69010 | Zot:4    | Lost mutation: You are frail. (-10% HP) [potion of
                  | mutation]
 69010 | Zot:4    | Lost mutation: Your magical capacity is low. (-10% MP)
                  | [potion of mutation]
 69010 | Zot:4    | Gained mutation: Your muscles are strong. (Str +4, Int/Dex
                  | -1) [potion of mutation]
 69010 | Zot:4    | Gained mutation: You have a pair of small antennae on your
                  | head. [potion of mutation]
 69010 | Zot:4    | Gained mutation: You are dopey. (Int -2) [potion of
                  | mutation]
 69010 | Zot:4    | Gained mutation: You are robust. (+10% HP) [potion of
                  | mutation]
 69010 | Zot:4    | Gained mutation: Your tail ends in a venomous barb. [potion
                  | of mutation]
 69122 | Zot:5    | Noticed an orb of fire
 69319 | Zot:5    | Lost mutation: You are robust. (+10% HP) [an orb of fire]
 69328 | Zot:4    | Gained mutation: You occasionally shout uncontrollably at
                  | your foes. [an orb of fire]
 69336 | Zot:4    | Gained mutation: You do not regenerate when monsters are
                  | visible. [an orb of fire]
 69338 | Zot:4    | Killed an orb of fire
 69587 | Zot:5    | Reached skill level 15 in Dodging
 69696 | Zot:5    | Noticed an orb of fire
 69712 | Zot:5    | Killed an orb of fire
 69725 | Zot:5    | Noticed a Killer Klown
 69734 | Zot:5    | Reached XP level 24. HP: 87/219 MP: 16/23
 69738 | Zot:5    | Killed a Killer Klown
 69834 | Zot:5    | Noticed an orb of fire
 70032 | Zot:5    | Gained mutation: You are occasionally teleported next to
                  | monsters. [an orb of fire]
 70039 | Zot:5    | Noticed an ancient lich
 70039 | Zot:5    | Noticed a dread lich
 70058 | Zot:5    | Noticed an orb of fire
 70059 | Zot:5    | Noticed an orb of fire
 70060 | Zot:5    | Noticed a Killer Klown
 70062 | Zot:5    | Noticed an ancient lich
 70063 | Zot:5    | Got the Orb of Zot
 70068 | Zot:5    | Noticed an orb of fire
 70222 | Depths:3 | Reached skill level 26 in Armour
 70527 | D:5      | Noticed Teyduo the pandemonium lord
 70613 | D:$      | Escaped with the Orb!

Illustrated notes

Levels and vault maps discovered:
D:1:      erik_arrival_blinker_ship, layout_rooms
D:2:      layout_basic, dreamdust_ecumenical_altar_statues
D:3:      layout_loops_corners, grunt_temple_overflow_opulence,
          lemuel_round_altar
D:4:      layout_rooms, lemuel_mausoleum_altar_yredelemnul,
          supply_closet_lemuel, bh_walls_and_bars
D:5:      layout_cave_pods, amcnicky_altar_gilded, minmay_fountain_box,
          uniq_ijyb, uniq_sigmund, uniq_edmund, uniq_prince_ribbit1
D:6:      nicolae_cairo_tiling_very_big, layout_rooms, lemuel_crystal_altar,
          portal_sewer_entry_f, kennysheep_generic_room_3
D:7:      layout_basic, minmay_temple_entry_junction
D:8:      layout_loops_ring, mainiacjoe_overflow_cross_hatched,
          mainiacjoe_overflow_alcove_2, kennysheep_mini_moat,
          david_lair_generic, hex_large
D:9:      layout_basic, minmay_curled_crystal, skrybe_limestone_x
D:10:     layout_gridville, nzn_wu_jian_contemplation, erik_orc_1,
          ebering_ghost_reflecting_pool, trove_entry_hex_spiral, special_room
          [special_room_orc]
D:11:     layout_cave_pools, gauntlet_entry_generic, uniq_urug, uniq_amaemon
D:12:     layout_loops_corners, gammafunk_ghost_abyssal_escape,
          serial_bayou_pond_e, hangedman_ranch, uniq_snorg
D:13:     layout_cave_pods, david_vaults_2, uniq_frances
D:14:     layout_cave_pods, serial_park, serial_park_tiny_2, serial_park_tiny_1,
          serial_park_tiny_1, serial_park_fountain, grunt_dithmenos_shadows,
          uniq_lodul, uniq_nessos, uniq_azrael
D:15:     gammafunk_depths_entry_grave, layout_grid_maze, serial_shops,
          nicolae_shop_hallway_plus, grunt_decor_resistance
Temple:   hellmonk_temple_flake
Lair:1:   layout_chaotic_city, basic_altar, chequers_serial_rivers_room_a,
          serial_bayou_shore_a, uniq_harold
Lair:2:   layout_layer_cave, elwin_shoals_entry_rooms,
          guppyfry_snake_entry_island, basic_altar, chequers_serial_rivers_marsh
Lair:3:   layout_roguey, beast_lair_carwin_1, grunt_megastairs_2
Lair:4:   layout_regular_city
Lair:5:   gammafunk_lair_ancient_temple, layout_misc_corridors, slime_entry_1,
          guppyfry_lair_drakes
Shoals:1: cheibrodos_shoals_oceanic_diplomacy, layout_shoals, uniq_josephine
Shoals:2: layout_shoals, regret_index_shoals_crete
Shoals:3: layout_shoals
Shoals:4: shoals_end_hangedman, layout_shoals, serial_shops, shop, uniq_kirke,
          uniq_bai_suzhen
Snake:1:  layout_layer_cave, serial_shops, shop, drop_trap, uniq_jorgrun,
          uniq_aizul
Snake:2:  nicolae_snake_shooting_gallery, layout_rooms, special_room,
          guppyfry_library_mini
Snake:3:  layout_cave_pods, serial_bayou_shore_b, grunt_megastairs_1,
          uniq_roxanne
Snake:4:  minmay_snake_end_coiled, layout_layer_cave, basic_altar,
          nicolae_snake_coiling_death, uniq_vashnia
Orc:1:    nicolae_orc_accident_3, layout_caves, basic_altar
Orc:2:    st_orc_congregation, layout_diamond_mine,
          portal_ice_cave_demonic_guard, nicolae_orc_bridge_out
Elf:1:    eino_elf_arrival_customs, layout_gridlike, evilmike_minifort,
          minmay_misc_feat_ornament, minmay_misc_feat_columns,
          hangedman_corner_corridor, uniq_nikola, uniq_zenata
Elf:2:    elven_hall_of_blades_hangedman_alternative
          [nooodl_blade_entry_preview], layout_geoelf_octagon,
          mu_enter_wizlab_7, nicolae_elf_v_pinch, uniq_agnes
Elf:3:    elf_hall, layout_rooms, serial_shops,
          nicolae_shop_bloodbath_and_beyond, nicolae_elf_big_sculpture_3,
          st_stairs_3, hangedman_elf_disciples
Vaults:1: v_misc_25, nicolae_vaults_oval_intersection,
          nicolae_vaults_offset_grid_hallway_3, ontoclasm_vaults_twist,
          vaults_room_door_hall, dpeg_vaults_monster_box,
          hangedman_vaults_slither, v_pattern_4, nicolae_vaults_house_1,
          ontoclasm_vaults_chip, nicolae_vaults_six-pack,
          nicolae_vaults_apartment_1, layout_vaults_maze_snakey, serial_shops,
          shop
Vaults:2: nicolae_vaults_what_the_h, nicolae_vaults_hallways_thing,
          minmay_crypt_entry_simple_walls, nicolae_vaults_wrenched,
          nicolae_vaults_sesquioval_fish, ontoclasm_vaults_tryst,
          nicolae_vaults_border_crossing, nicolae_vaults_tetromino_T_1,
          nicolae_vaults_trapezoid_1, layout_vaults_omnigrid
Vaults:3: hangedman_vaults_snaps, nicolae_vaults_swerve,
          nicolae_vaults_bisected_exclaves, vaults_mumra_minichess,
          nicolae_vaults_little_squares_4, nicolae_vaults_cornered_office,
          nicolae_vaults_you_can_take_it_with_you, vaults_mumra_hex,
          vaults_dpeg_cross, nicolae_vaults_heart-shaped_vault,
          layout_vaults_omnicross
Vaults:4: nicolae_vaults_big_ls, nicolae_vaults_storage_closets_1, v_misc_3,
          nicolae_vaults_yaktaur_gun_rack, v_alt_pattern_4, v_misc_23,
          nicolae_vaults_oval_intersection, hangedman_vaults_cutoff,
          nicolae_vaults_closet_pinwheel_5, layout_vaults_big_room,
          serial_shops, nicolae_shop_industrial_runoff
Vaults:5: uniq_saint_roka, uniq_mennas, uniq_sojobo
Depths:1: layout_basic, grunt_mini_vestibule, nicolae_ru_path_of_blood,
          lightli_church_of_beogh
Depths:2: evilmike_library_of_no_secrets, layout_basic, enter_ziggurat_b,
          kiku_gazebo_pond_becter, pan_entry, grunt_hell_entry_dis_mu,
          infiniplex_staircase_zigzag_1, uniq_asterion
Depths:3: hangedman_cross_veins, layout_twisted_cross, abyss_entry, hell_entry,
          minmay_shoptagon, infiniplex_staircase_pool_lava
Depths:4: evilmike_zot_entry_basic, layout_cave_shapes, hell_entry,
          serial_shops, shop_statue, fedhas_altar_3, grunt_decor_one_mirror,
          dispersion_dpeg, uniq_boris
Zot:1:    layout_onion_interference
Zot:2:    dreamdust_black_sun_cult, layout_basic, gammafunk_ghost_crypt,
          skrybe_zot_glass_1
Zot:3:    layout_misc_corridors
Zot:4:    layout_cathedral_of_symmetry
Zot:5:    layout_basic, grunt_ministairs_2, lemuel_baited_zot_trap,
          nicolae_shop_clearance

Skill      XL: |  1  2  3  4  5  6  7  8  9 10 11 12 13 14 15 16 17 18 19 20 21 22 23 24 |
---------------+-------------------------------------------------------------------------+-----
Maces & Flails | 2 3 4 5 7 8 10 11 13 | 13.5
Fighting       | 3 5 6 8 11 12 13 14 15 16 17 18 19 20 | 20.0
Armour         | 4 6 8 10 11 13 14 15 16 18 19 20 21 22 23 25 26 | 26.1
Evocations     | 1 2 4 5 0 |  0.0
Shields        | 6 8 10 11 12 13 15 16 17 18 19 20 21 22 | 22.6
Throwing       | 4 6 8 9 10 12 13 14 15 16 17 | 17.8
Dodging        | 3 5 6 8 9 10 11 12 13 14 15 | 15.2

Action                     |  1- 3 |  4- 6 |  7- 9 | 10-12 | 13-15 | 16-18 | 19-21 | 22-24 || total
---------------------------+-------+-------+-------+-------+-------+-------+-------+-------++-------
  Melee: Flail             |   106 |   125 |   379 |   368 |       |       |       |       ||   978
         Tailslap          |    11 |    10 |    44 |   167 |   405 |   303 |   373 |   352 ||  1665
         Demon whip        |       |       |       |   627 |  1931 |  1621 |  1504 |  1269 ||  6952
         Unarmed           |       |       |       |       |    10 |       |       |       ||    10
  Throw: Dart              |       |       |       |     3 |       |       |     6 |     8 ||    17
         Javelin           |       |       |       |       |     6 |       |    15 |    10 ||    31
 Invoke: Sacrifice Love    |       |       |     1 |       |       |       |       |       ||     1
         Draw Out Power    |       |       |       |     2 |       |     1 |       |       ||     3
         Sacrifice Words   |       |       |       |     1 |       |       |       |       ||     1
         Sacrifice Artific |       |       |       |     1 |       |       |       |       ||     1
         Sacrifice Experie |       |       |       |     1 |       |       |       |       ||     1
         Apocalypse        |       |       |       |       |     2 |     5 |    12 |     7 ||    26
  Evoke: Wand              |       |       |     3 |     7 |       |       |       |       ||    10
    Use: Scroll            |     4 |     4 |     4 |    22 |    10 |    13 |     3 |     9 ||    69
         Potion            |       |       |     3 |     8 |     7 |     2 |     1 |    11 ||    32
   Stab: Invisible         |       |       |       |    12 |    15 |     3 |     5 |     3 ||    38
         Paralysed         |       |       |       |     5 |    10 |     7 |     9 |    18 ||    49
         Distracted        |       |       |       |     6 |     3 |     7 |     7 |     7 ||    30
         Petrifying        |       |       |       |     1 |     2 |       |       |       ||     3
         Confused          |       |       |       |       |     1 |       |       |       ||     1
 Armour: Scale mail        |    59 |    86 |   176 |       |       |       |       |       ||   321
         Plate armour      |       |       |    66 |   211 |       |   447 |   720 |   464 ||  1908
         Fire dragon scale |       |       |       |   292 |   629 |   201 |       |       ||  1122
  Dodge: Dodged            |    29 |    24 |    84 |   287 |   591 |   533 |   279 |   234 ||  2061
  Block: Buckler           |    20 |    29 |    50 |   234 |    28 |       |       |       ||   361
         Kite shield       |       |       |       |       |   659 |   311 |       |       ||   970
         Tower shield      |       |       |       |       |       |   817 |  1267 |   919 ||  3003
